 Dungeon Crawl Stone Soup version 0.27-a0-1149-g4505690ab0 (webtiles) character file.

Game seed: 5438451606601702676

376 wakim the Ruffian (level 6, -2/61 HPs)
             Began as a Troll Fighter on May 13, 2021.
             Was an Initiate of Okawaru.
             Succumbed to Duvessa's poison
             ... on level 5 of the Dungeon.
             The game lasted 00:07:38 (3087 turns).

wakim the Ruffian (Troll Fighter)                   Turns: 3087, Time: 00:07:39

Health: -2/61      AC:  9    Str: 26    XL:     6   Next: 44%
Magic:  5/5        EV:  8    Int:  5    God:    Okawaru [......]
Gold:   1083       SH:  9    Dex:  9    Spells: 5/5 levels left

rFire    . . .     SeeInvis .     - Unarmed
rCold    . . .     Faith    .   b - +0 kite shield
rNeg     . . .     Spirit   .   a - +0 robe
rPois    .         Reflect  .   d - +2 hat {Stlth+}
rElec    .         Harm     .   (no cloak)
rCorr    .         Rampage  .   (gloves unavailable)
Will     .....                  (boots unavailable)
Stlth    ++........             (no amulet)
HPRegen  1.20/turn              h - +4 ring of protection
MPRegen  0.09/turn              (no ring)

@: lethally poisoned (-2 -> -17)
A: large, unfitting armour, claws 3, regeneration 1, shaggy fur 1, tough skin 1,
antennae 1, deformed body
a: Renounce Religion


You were on level 5 of the Dungeon.
You worshipped Okawaru.
Okawaru was noncommittal.
You visited 2 branches of the dungeon, and saw 6 of its levels.

You collected 1083 gold pieces.

Inventory:

Missiles
 c - 18 poisoned darts (quivered)
Armour
 a - a +0 robe (worn)
 b - a +0 kite shield (worn)
 d - a +2 hat of stealth (worn)
Jewellery
 h - a +4 ring of protection (left claw)
Potions
 D - a potion of brilliance
 F - 2 potions of curing
 G - a potion of flight
 J - a potion of heal wounds
 N - 2 potions of might


   Skills:
 + Level 3.1 Fighting
 + Level 0.7 Throwing
 * Level 3.3 Dodging
 * Level 3.8 Shields
 * Level 4.2 Unarmed Combat
 + Level 0.8 Invocations


You had 5 spell levels left.
You didn't know any spells.
Your spell library contained the following spells:

 Spells                   Type           Power      Damage    Failure   Level
 Animate Skeleton         Necr           0%         N/A       85%         1
 Apportation              Tloc           0%         N/A       85%         1
 Corona                   Hex            0%         N/A       85%         1
 Summon Small Mammal      Summ           0%         N/A       85%         1


Dungeon Overview and Level Annotations

Branches:
Dungeon (5/15)             Temple (1/1) D:4

Altars:
Ashenzari
Cheibriados
Elyvilon
Fedhas
Gozag
Hepliaklqana
Kikubaaqudgha
Makhleb
Nemelex Xobeh
Okawaru
Qazlal
Ru
Sif Muna
Trog
Uskayaw
Vehumet
Wu Jian
Xom
Yredelemnul
Zin
The Shining One
Lugonu

Shops:
D:2 (?

Portals:
Abyss: D:4

Annotations:
D:4 2 runed translucent doors, Dowan, Duvessa


Innate Abilities, Weirdness & Mutations

You are too large for most types of armour.
You have claws for hands.
Your natural rate of healing is unusually fast.
You are covered in fur. (AC +1)
You have tough skin. (AC +1)
You have a pair of small antennae on your head.
Armour fits poorly on your strangely shaped body.


Message History

a +0 dagger; a +0 robe; a +0 leather armour You claw the hound!
You kill the hound!
Okawaru accepts your kill.
Duvessa shouts!
Duvessa says, "My weaknesses are his strengths!"
There is a stone staircase leading down here.
You barely miss Duvessa.
The kobold shouts!
Duvessa says, "When magic and the sword combine, nothing stands against them."
You block Duvessa's attack.
You closely miss Duvessa.
Duvessa hits you with a +4 short sword of venom!
You are poisoned.
You claw Duvessa!
Duvessa is moderately wounded.
You feel very sick.
You scratch Duvessa.
Duvessa is moderately wounded.
You feel very sick.
Duvessa hits you with a +4 short sword of venom!
You are more poisoned.
You barely miss Duvessa.
Duvessa is moderately wounded.
You feel very sick. You block Duvessa's attack.
You feel very sick.
Duvessa hits you with a +4 short sword of venom.
* * * LOW HITPOINT WARNING * * *
You feel very sick.
Duvessa hits you with a +4 short sword of venom!
* * * LOW HITPOINT WARNING * * *
You are more poisoned.
There is a stone staircase leading down, spattered with blood here.
You feel very sick.
Duvessa hits you with a +4 short sword of venom!
* * * LOW HITPOINT WARNING * * *
You are more poisoned.
You climb downwards.
You die...

#.......
.##...............
..................
..#...........##
.....##...o....
##...##........
#...J##.o......
#..@.#........
#..o.o.†......
...............##
......##.(........
..................
..................
..........$.......
#...........####..
.......... ..


You could see a jelly, an orc priest and an orc.

Vanquished Creatures
  A sky beast (D:2)
  A scorpion (D:4)
  A howler monkey (D:5)
  A hound (D:4)
  2 iguanas (D:4)
  An orc wizard (D:4)
  An ufetubus (D:4)
  3 worms
  A dart slug (D:2)
  4 orcs (D:3)
  2 endoplasms
  3 giant cockroaches
  6 goblins
  6 hobgoblins
  3 quokkas
  11 ball pythons
  5 bats
  3 frilled lizards
  5 kobolds
  9 rats
69 creatures vanquished.

Notes
Turn   | Place    | Note
-------+----------+-------------------------------------------
     0 | D:1      | wakim the Troll Fighter began the quest for the Orb.
     0 | D:1      | Reached XP level 1. HP: 22/22 MP: 0/0
     3 | D:1      | Noticed an electric eel
     4 | D:1      | Noticed an electric eel
   210 | D:1      | Reached XP level 2. HP: 28/29 MP: 1/1
   787 | D:2      | Reached XP level 3. HP: 35/36 MP: 2/2
   799 | D:2      | Found Yraymp's Antique Weapon Boutique.
   860 | D:2      | Gained mutation: Armour fits poorly on your strangely
                  | shaped body. [potion of mutation]
   860 | D:2      | Gained mutation: You have a pair of small antennae on your
                  | head. [potion of mutation]
   983 | D:2      | Noticed a sky beast
  1098 | D:2      | Identified a scroll of acquirement
  1098 | D:2      | Acquired 894 gold pieces
  1356 | D:2      | Found Jenaw's Magic Scroll Shop.
  1574 | D:3      | Reached skill level 3 in Unarmed Combat
  2070 | D:3      | Reached XP level 4. HP: 29/44 MP: 3/3
  2157 | D:4      | Noticed a scorpion
  2164 | D:4      | Killed a scorpion
  2186 | D:4      | Found a one-way gate to the infinite horrors of the Abyss.
  2221 | D:4      | Reached XP level 5. HP: 43/52 MP: 4/4
  2463 | D:4      | Acquired a +2 hat of stealth
  2555 | D:4      | Found a staircase to the Ecumenical Temple.
  2557 | D:4      | Noticed Dowan
  2564 | D:4      | Noticed Duvessa
  2572 | Temple   | Entered the Ecumenical Temple
  2788 | Temple   | Became a worshipper of Warmaster Okawaru
  2997 | D:2      | Killed a sky beast
  2998 | D:2      | Reached skill level 4 in Unarmed Combat
  2998 | D:2      | Reached XP level 6. HP: 61/61 MP: 5/5
  3037 | D:4      | Found a large runed translucent door.
  3037 | D:4      | Found a large runed translucent door.
  3040 | D:4      | Found a corrupted altar of Lugonu.
  3043 | D:5      | Entered Level 5 of the Dungeon
  3087 | D:5      | Succumbed to Duvessa's poison

Illustrated notes

Levels and vault maps discovered:
D:1:      arrival_aquarium_b, layout_loops_ring, minmay_misc_feat_room,
          minmay_tall_x
D:2:      layout_rooms, serial_shops, nicolae_shop_competitors_out_of_business,
          nicolae_shop_trees
D:3:      layout_loops_cross, grunt_ministairs_12
D:4:      due_chaos_kobolds, layout_basic, lemuel_tele_altar,
          minmay_temple_entry_mini_moons, serial_curves, eino_curves_01,
          eino_curves_04, uniq_duvessa
D:5:      cheibrodos_quashed, layout_cave_pools, minmay_starry_boxes
Temple:   kilobyte_greek_temple

Skill      XL: |  1  2  3  4  5 |
---------------+----------------+-----
Unarmed Combat | 3 4 |  4.2
Shields        | 3 |  3.8
Fighting       | 3 |  3.1
Dodging        | 3 |  3.3
Throwing       | |  0.7
Invocations    | |  0.8

Action                   |  1- 3 |  4- 6 || total
-------------------------+-------+-------++-------
Melee: Unarmed           |   153 |    69 ||   222
  Use: Scroll            |     7 |     5 ||    12
       Potion            |     4 |       ||     4
 Stab: Sleeping          |     2 |       ||     2
Armor: Robe              |    46 |    25 ||    71
Dodge: Dodged            |    51 |    25 ||    76
Block: Kite shield       |    59 |    27 ||    86

Table legend: (Time is in decaauts)
 A = Elapsed time spent in this place.
 B = Non-inter-level travel time spent in this place.
 C = Inter-level travel time spent in this place.
 D = Time resting spent in this place.
 E = Time spent auto-exploring this place.
 F = Levels seen in this place.
 G = Mean time per level.
                   A        B        C        D        E       F      G
               +--------+--------+--------+--------+--------+-----+--------+
         Total |   3105 |   2863 |    242 |     80 |   2189 |   6 |  517.5 |
       Dungeon |   2847 |   2644 |    203 |     45 |   2024 |   5 |  569.4 |
        Temple |    257 |    218 |     39 |     35 |    165 |   1 |  257.0 |
               +--------+--------+--------+--------+--------+-----+--------+

Top non-repeatable levels by time:
     D:1: 846 daAuts
     D:3: 770 daAuts
     D:2: 646 daAuts
     D:4: 565 daAuts
  Temple: 257 daAuts
     D:5: 17 daAuts
